 Dungeon Crawl Stone Soup version 0.31-a0-1612-g4aaf141004 (webtiles) character file.

Game seed: 3154891595320530566

27 Bnni the Shield-Bearer (level 3, -3/29 HPs)
             Began as a Formicid Fighter on Jan 9, 2024.
             Slain by a gnoll
             ... wielding a +0 spear
              (6 damage)
             ... on level 1 of the Dungeon.
             The game lasted 00:02:06 (965 turns).

Bnni the Shield-Bearer (Formicid Fighter)            Turns: 965, Time: 00:02:06

Health: -3/29      AC:  6    Str: 22    XL:     3   Next: 25%
Magic:  3/3        EV:  9    Int:  7    God:
Gold:   90         SH:  5    Dex: 13    Spells: 2/2 levels left

rFire   . . .        a - +0 trident
rCold   . . .        c - +0 buckler
rNeg    . . .        b - +0 scale mail
rPois   .            (helmet unavailable)
rElec   .            (no cloak)
rCorr   .            (no gloves)
SInv    +            (no boots)
Will    .....        e - amulet of the acrobat Stlth
                     (no ring)
HPRegen 0.24/turn    (no ring)
MPRegen 0.08/turn

%: acrobat
@: no status effects
A: permanent stasis, dig shafts and tunnels, antennae 3, four strong arms
a: Dig, Shaft Self


You were on level 1 of the Dungeon.
You visited 1 branch of the dungeon, and saw 2 of its levels.

You collected 90 gold pieces.

Inventory:

Hand Weapons
 a - a +0 trident (weapon)
Armour
 b - a +0 scale mail (worn)
 c - a +0 buckler (worn)
Jewellery
 e - an amulet of the acrobat (around neck)
 n - a ring of positive energy
Scrolls
 g - 2 scrolls of teleportation {unknown}
 i - a scroll of identify {unknown}
 l - a scroll of amnesia {unknown}
Potions
 d - a potion of might
 f - 2 potions of curing {unknown}
 h - a potion of cancellation {unknown}
 j - a potion of mutation {unknown}
 k - a potion of enlightenment {unknown}
 m - a potion of degeneration {unknown}


   Skills:
 + Level 3.6 Fighting
 * Level 2.6 Polearms
 - Level 3.2 Armour
 * Level 4.6 Shields


You had 2 spell levels left.
You didn't know any spells.
Your spell library was empty.

Dungeon Overview and Level Annotations

Branches:
Dungeon (2/15)

Altars:


Innate Abilities, Weirdness & Mutations

You cannot be hasted, slowed, berserked, paralysed or teleported.
You can dig through walls and to a lower floor.
You have a pair of large antennae on your head. (SInv)
Your four strong arms can wield two-handed weapons with a shield.


Message History

The rat squeaks loudly.
You block the rat's attack.
There is a stone staircase leading up here.
You block the rat's attack.
You climb upwards.
There is a stone staircase leading down here.
You hit the rat.
You kill the rat!
No target in view!
You start resting.
HP restored.
You climb downwards.
The gnoll closely misses you.
There is a stone staircase leading up here.
Unknown command.
The gnoll hits you with a +0 spear.
There is a stone staircase leading up here.
The gnoll hits you with a +0 spear. The gnoll hits you with a +0 flail!
You climb upwards.
There is a stone staircase leading down here.
You hit the gnoll.
The gnoll is lightly wounded.
The gnoll hits you with a +0 spear. You block the gnoll's attack.
Unknown command.
You are too injured to fight recklessly!
Unknown command.
You puncture the gnoll!
The gnoll is severely wounded.
You block the gnoll's attack. The gnoll hits you with a +0 flail.
* * * LOW HITPOINT WARNING * * *
Unknown command.
You closely miss the gnoll.
The gnoll is severely wounded.
The gnoll hits you with a +0 spear.
* * * LOW HITPOINT WARNING * * *
The gnoll misses you.
Unknown command.
You hit the gnoll.
You kill the gnoll!
You block the gnoll's attack. The gnoll hits you with a +0 spear.
You die...

##### #.# #...#
#.......
#.###...######.......
#....................
#.............####.##
#.............##....#
#.............##....#
#.............##....#
#^..g.........##.....
#..)@.........##....#
#....................
#.............##....#
#.............#......
#.##.############.#.#
#.......# #.#.#
##.......# #.#..
#........# #....
#####........###
#####


You could see a gnoll.

Vanquished Creatures
  A gnoll (D:1)
  A dart slug (D:2)
  2 ball pythons (D:1)
  2 endoplasms
  2 giant cockroaches (D:2)
  5 goblins (D:1)
  2 hobgoblins (D:2)
  A kobold (D:2)
  3 bats
  2 frilled lizards
  2 rats
23 creatures vanquished.

Notes
Turn   | Place    | Note
-------+----------+-------------------------------------------
     0 | D:1      | Bnni the Formicid Fighter began the quest for the Orb.
     0 | D:1      | Reached XP level 1. HP: 18/18 MP: 1/1
   257 | D:1      | Reached XP level 2. HP: 22/24 MP: 2/2
   743 | D:2      | Reached XP level 3. HP: 29/29 MP: 3/3
   965 | D:1      | Slain by a gnoll

Illustrated notes

Levels and vault maps discovered:
D:1:      minmay_arrival_jagged, layout_basic, kennysheep_pointless_box
D:2:      layout_basic, serial_bayou, serial_bayou_pond_a, serial_bayou_pond_b,
          serial_bayou_ford_a, serial_bayou_crossing,
          kennysheep_decorative_pillar

Action                     || total
---------------------------++-------
  Melee: Trident           ||    49
 Armour: Scale mail        ||    22
  Dodge: Dodged            ||    11
  Block: Buckler           ||    13

Table legend: (Time is in decaauts)
 A = Elapsed time spent in this place.
 B = Non-inter-level travel time spent in this place.
 C = Inter-level travel time spent in this place.
 D = Time resting spent in this place.
 E = Time spent auto-exploring this place.
 F = Levels seen in this place.
 G = Mean time per level.
                   A        B        C        D        E       F      G
               +--------+--------+--------+--------+--------+-----+--------+
         Total |    986 |    954 |     32 |     22 |    717 |   2 |  493.0 |
       Dungeon |    986 |    954 |     32 |     22 |    717 |   2 |  493.0 |
               +--------+--------+--------+--------+--------+-----+--------+

Top non-repeatable levels by time:
     D:1: 592 daAuts
     D:2: 393 daAuts
